 Dungeon Crawl Stone Soup version 0.30-a0-368-g86fb4627a9 (webtiles) character file.

Game seed: 16390643328597863010

53 Maxmaps the Slasher (level 3, -3/27 HPs)
             Began as a Demonspawn Gladiator on Nov 20, 2022.
             Slain by a gnoll
             ... wielding a +1 vorpal flail
              (7 damage)
             ... on level 2 of the Dungeon.
             The game lasted 00:02:00 (1212 turns).

Maxmaps the Slasher (Demonspawn Gladiator)          Turns: 1212, Time: 00:02:01

Health: -3/27      AC:  9    Str: 14    XL:     3   Next: 62%
Magic:  3/3        EV:  8    Int: 11    God:
Gold:   109        SH:  0    Dex: 14    Spells: 2/2 levels left

rFire   . . .      SeeInvis .    a - +0 long sword
rCold   . . .      Faith    .    (no shield)
rNeg    . . .      Spirit   .    r - +0 chain mail
rPois   .          Reflect  .    c - +0 helmet
rElec   .          Harm     .    (no cloak)
rCorr   .          Rampage  .    (no gloves)
Will    .....                    (no boots)
Stlth   ..........               (no amulet)
HPRegen 0.24/turn                (no ring)
MPRegen 0.08/turn                (no ring)

@: no status effects
A: claws 1, repulsion field 1
a: no special abilities


You were on level 2 of the Dungeon.
You visited 1 branch of the dungeon, and saw 2 of its levels.

You collected 109 gold pieces.

Inventory:

Hand Weapons
 a - a +0 long sword (weapon)
Missiles
 d - 5 throwing nets (quivered)
 e - a javelin
Armour
 b - a +0 leather armour
 c - a +0 helmet (worn)
 f - a +2 tower shield
 i - a +0 ring mail
 l - a scarf of harm
 r - a +0 chain mail (worn)
Wands
 n - a wand of acid (4)
Scrolls
 g - 2 scrolls of identify {unknown}
 h - a scroll of vulnerability {unknown}
 q - a scroll of teleportation {unknown}
Potions
 j - a potion of magic {unknown}
 k - a potion of curing {unknown}
 m - a potion of heal wounds {unknown}
 o - a potion of lignification {unknown}
 p - a potion of brilliance {unknown}


   Skills:
 - Level 2.0 Fighting
 - Level 3.8 Long Blades
 - Level 1.7 Throwing
 - Level 2.6 Dodging
 - Level 1.4 Unarmed Combat


You had 2 spell levels left.
You didn't know any spells.
Your spell library contained the following spells:

 Spells                   Type           Power      Damage    Failure   Level
 Sting                    Tmut/Pois      0%         1d3       100%        1
 Summon Small Mammal      Summ           0%         N/A       100%        1
 Poisonous Vapours        Pois/Air       0%         N/A       100%        2
 Call Canine Familiar     Summ           0%         N/A       100%        3
 Summon Guardian Golem    Hex/Summ       0%         N/A       100%        3
 Olgreb's Toxic Radiance  Pois           0%         N/A       100%        4


Dungeon Overview and Level Annotations

Branches:
Dungeon (2/15)

Altars:


Innate Abilities, Weirdness & Mutations

You have sharp fingernails.
You are surrounded by a mild repulsion field. (EV +2)


Message History

You barely miss the gnoll.
A gnoll comes into view. It is wielding a +0 whip.
The gnoll hits you with a +1 vorpal flail.
You hit the gnoll.
The gnoll is lightly wounded.
The gnoll misses you.
You hit the gnoll but do no damage.
The gnoll is lightly wounded.
The gnoll hits you with a +1 vorpal flail.
You hit the gnoll.
The gnoll is moderately wounded.
The gnoll hits you with a +1 vorpal flail.
You hit the gnoll.
The gnoll is severely wounded.
The gnoll closely misses you.
You hit the gnoll.
The gnoll is moderately wounded.
The gnoll barely misses you. x2
Unknown command.
You hit the gnoll but do no damage.
The gnoll is severely wounded.
The gnoll hits you with a +0 whip. The gnoll barely misses you.
Unknown command.
You hit the gnoll but do no damage.
The gnoll is severely wounded.
The gnoll hits you but does no damage.
The gnoll hits you with a +1 vorpal flail.
Unknown command.
You hit the gnoll.
The gnoll is severely wounded.
The gnoll barely misses you.
The gnoll hits you with a +1 vorpal flail.
* * * LOW HITPOINT WARNING * * *
x2 The gnoll closely misses you.
The gnoll hits you but does no damage.
You hit the gnoll but do no damage.
The gnoll is severely wounded.
The gnoll hits you with a +0 whip.
* * * LOW HITPOINT WARNING * * *
The gnoll hits you with a +1 vorpal flail!
You die...

#######
#.........#### #
#....#....#..##
#.#.#..#..#.##..#
.#.#..#..#.##..#
'####_####'...###
#.#..#..#.###...##
#g#..#..#.#
###..##
#g@.)#....# ##...
#......(..# #.#.
##############
#... #....###.#.
#.##..##.#.
##.#........
...............
...#######..##.
########....


You could see 2 gnolls.

Vanquished Creatures
  An adder (D:2)
  2 dart slugs (D:1)
  3 endoplasms
  3 goblins (D:1)
  5 hobgoblins
  A quokka (D:2)
  3 ball pythons
  3 bats (D:1)
  A frilled lizard (D:1)
  8 kobolds
  7 rats
37 creatures vanquished.

Vanquished Creatures (others)
  16 plants (D:1)
16 creatures vanquished.

Grand Total: 53 creatures vanquished

Notes
Turn   | Place    | Note
-------+----------+-------------------------------------------
     0 | D:1      | Maxmaps the Demonspawn Gladiator began the quest for the
                  | Orb.
     0 | D:1      | Reached XP level 1. HP: 16/16 MP: 1/1
    95 | D:1      | Reached skill level 3 in Long Blades
   230 | D:1      | Gained mutation: You are surrounded by a mild repulsion
                  | field. (EV +2) [demonic ancestry]
   230 | D:1      | Reached XP level 2. HP: 17/22 MP: 2/2
   290 | D:1      | You fall into a shaft and drop 1 floor!
   314 | D:2      | Gained mutation: You have sharp fingernails. [demonic
                  | ancestry]
   314 | D:2      | Reached XP level 3. HP: 20/27 MP: 3/3
   557 | D:1      | Reached skill level 1 in Unarmed Combat
  1188 | D:2      | Found a faded altar of an unknown god.
  1212 | D:2      | Slain by a gnoll

Illustrated notes

Levels and vault maps discovered:
D:1:      tarquinn_simple_flora_water_a, layout_basic
D:2:      layout_basic, shapermc_ecumenical_altar_notcrosses

Skill      XL: |  1  2  3 |
---------------+----------+-----
Long Blades    | 3 |  3.8
Unarmed Combat | 1 |  1.4
Fighting       | |  2.0
Throwing       | |  1.7
Dodging        | |  2.6

Action                   || total
-------------------------++-------
Melee: Long sword        ||   122
Armor: Leather armour    ||    17
       Ring mail         ||    12
       Chain mail        ||     2
Dodge: Dodged            ||    67

Table legend: (Time is in decaauts)
 A = Elapsed time spent in this place.
 B = Non-inter-level travel time spent in this place.
 C = Inter-level travel time spent in this place.
 D = Time resting spent in this place.
 E = Time spent auto-exploring this place.
 F = Levels seen in this place.
 G = Mean time per level.
                   A        B        C        D        E       F      G
               +--------+--------+--------+--------+--------+-----+--------+
         Total |   1244 |   1222 |     22 |      0 |    847 |   2 |  622.0 |
       Dungeon |   1244 |   1222 |     22 |      0 |    847 |   2 |  622.0 |
               +--------+--------+--------+--------+--------+-----+--------+

Top non-repeatable levels by time:
     D:1: 960 daAuts
     D:2: 284 daAuts
